 Dungeon Crawl Stone Soup version 0.17-a0-186-g8d083fd (webtiles) character file.

1369 Tabbe the Basher (level 8, -6/80 HPs)
             Began as an Ogre Berserker on Mar 27, 2015.
             Was an Elder of Trog.
             Killed from afar by a centaur (7 damage)
             ... with a wand of draining
             ... on level 5 of the Dungeon.
             The game lasted 00:06:40 (3609 turns).

Tabbe the Basher (Ogre Berserker)                   Turns: 3609, Time: 00:06:42

Health: -6/80      AC:  9    Str: 25    XL:     8   Next: 65%
Magic:  8/8        EV: 15    Int:  3    God:    Trog [****..]
Gold:   330        SH:  0    Dex: 14    Spells: 0 memorised, 7 levels left

rFire  . . .     SeeInvis .     y - +0 giant spiked club
rCold  . . .     Clarity  .     b - +0 animal skin
rNeg   . . .     SustAb   .     (no shield)
rPois  .         Gourm    .     r - +2 hat
rElec  .         Spirit   .     n - +2 cloak
rCorr  .         Warding  .     (gloves unavailable)
rMut   .         Stasis   .     (boots unavailable)
MR     +....                    (no amulet)
Stlth  ++........               l - ring of protection from magic
                                d - -3 ring of intelligence (curse)

@: agile, lethally poisoned (-6 -> -15), heavily drained, somewhat resistant to
hostile enchantments, unstealthy
A: unfitting armour, rugged brown scales 1, tough skin 1
a: Burn Spellbooks, Berserk, Trog's Hand, Brothers in Arms, Renounce Religion


You were on level 5 of the Dungeon.
You worshipped Trog.
Trog was greatly pleased with you.
You were near starving.

You visited 1 branch of the dungeon, and saw 5 of its levels.

You collected 330 gold pieces.

Inventory:

Hand weapons
 a - a +1 mace
 v - a +0 giant club
 y - a +0 giant spiked club (weapon)
 C - a +0 flail of crushing
Armour
 b - a +0 animal skin (worn)
 i - a +1 cloak
 n - a +2 cloak (worn)
 r - a +2 hat (worn)
Jewellery
 d - a cursed -3 ring of intelligence (left hand)
 h - an uncursed ring of see invisible
 l - a ring of protection from magic (right hand)
Scrolls
 m - 2 scrolls of teleportation
 t - 2 scrolls of recharging
Potions
 f - a potion of heal wounds {unknown}
 j - a potion of magic {unknown}
 k - a potion of curing {unknown}
 o - a potion of brilliance
 p - 3 potions of restore abilities {unknown}
 q - 6 potions of poison
 u - a potion of haste {unknown}
 w - a potion of beneficial mutation
 x - a potion of degeneration {unknown}
 A - a potion of berserk rage {unknown}
 B - a potion of resistance {unknown}
Comestibles
 c - 3 meat rations
 g - 3 beef jerkies
 s - 3 bread rations


   Skills:
 - Level 4.0(2.6) Fighting
 + Level 13.4(11.6) Maces & Flails
 - Level 2.6(1.3) Dodging


You had 7 spell levels left.
You didn't know any spells.

Dungeon Overview and Level Annotations

Branches:
Dungeon (5/15)
 Temple: D:4-7

Altars:
Dithmenos
Elyvilon
Gozag
Sif Muna
Trog
Vehumet
Zin
The Shining One


Innate Abilities, Weirdness & Mutations

You are too large for most types of armour.
You have tough skin (AC +1).
You are partially covered in rugged brown scales (AC +1, +3% HP).


Message History

You feel agile all of a sudden.
The centaur zaps a wand.
The bolt of negative energy misses you.
The centaur shoots an arrow.
The arrow misses you.
Unknown command.
Drink which item? (? for menu, Esc to quit)
It was a potion of poison.
That liquid tasted very nasty...
You are lethally poisoned!
* * * LOW HITPOINT WARNING * * *
You feel sick.
The centaur zaps a wand.
The bolt of negative energy hits you!
You feel drained.
* * * LOW HITPOINT WARNING * * *
Drink which item? (? for menu, Esc to quit)
It was a potion of beneficial mutation.
Rugged brown scales grow over part of your body.
You feel fantastic!
* * * LOW HITPOINT WARNING * * *
You feel sick.
The centaur zaps a wand.
The bolt of negative energy hits you!
You feel drained.
You die...

.................###..##
......##..........#...#
##.### #...>....c.#..##
. #.....>....#..#
...........##
.........#.#
..........#.#
#.?.....##.#
#.##.?.@##.#
#....#.(##.##
..####.(....# # #......#
#......# ......>#
...#...## .... ....
..... .....


You could see a centaur.

Vanquished Creatures
  Grinder (D:4)
  A phantom (D:4)
  An ice beast (D:5)
  3 ogres (D:4)
  A centaur (D:3)
  A scorpion (D:4)
  A goliath beetle (D:5)
  An orc priest (D:5)
  8 orc wizards
  An iguana (D:5)
  3 worker ants
  Ijyb (D:5)
  Robin (D:2)
  12 adders
  A giant mite (D:2)
  2 worms (D:3)
  7 giant geckos
  15 orcs
  12 bats
  8 hobgoblins
  A ball python (D:1)
  A ball python skeleton (D:4)
  3 giant cockroaches
  6 giant newts
  15 goblins
  9 jackals (D:1)
  9 kobolds
  7 rats
132 creatures vanquished.

Notes
Turn   | Place    | Note
--------------------------------------------------------------
     0 | D:1      | Tabbe, the Ogre Berserker, began the quest for the Orb.
     0 | D:1      | Reached XP level 1. HP: 24/24 MP: 1/1
   168 | D:1      | Reached XP level 2. HP: 25/32 MP: 2/2
   205 | D:1      | Reached skill level 5 in Maces & Flails
   290 | D:1      | Acquired Trog's second power
   356 | D:1      | Reached XP level 3. HP: 13/39 MP: 3/3
   800 | D:2      | Reached skill level 6 in Maces & Flails
  1014 | D:2      | Noticed Robin
  1032 | D:2      | Reached XP level 4. HP: 48/48 MP: 4/4
  1051 | D:2      | Killed Robin
  1385 | D:2      | Reached skill level 7 in Maces & Flails
  1539 | D:2      | Found a deep blue altar of Sif Muna.
  1543 | D:2      | Found a white marble altar of Elyvilon.
  1543 | D:2      | Found a radiant altar of Vehumet.
  1544 | D:2      | Found a shadowy altar of Dithmenos.
  1550 | D:2      | Found a glowing golden altar of the Shining One.
  1611 | D:2      | Found a bloodstained altar of Trog.
  1614 | D:2      | Reached XP level 5. HP: 51/54 MP: 5/5
  1900 | D:3      | Found an opulent altar of Gozag.
  2082 | D:3      | Reached skill level 8 in Maces & Flails
  2143 | D:3      | Acquired Trog's third power
  2218 | D:3      | Noticed a centaur
  2224 | D:3      | Killed a centaur
  2224 | D:3      | Reached XP level 6. HP: 42/62 MP: 6/6
  2307 | D:3      | Reached skill level 9 in Maces & Flails
  2654 | D:4      | Reached skill level 10 in Maces & Flails
  2654 | D:4      | Reached XP level 7. HP: 37/70 MP: 7/7
  2701 | D:4      | Noticed Grinder
  2738 | D:4      | Killed Grinder
  2844 | D:4      | Reached skill level 11 in Maces & Flails
  2972 | D:4      | Reached XP level 8. HP: 34/78 MP: 8/8
  3066 | D:4      | Found a glowing silver altar of Zin.
  3088 | D:4      | Reached skill level 12 in Maces & Flails
  3263 | D:5      | Entered Level 5 of the Dungeon
  3301 | D:5      | Reached skill level 13 in Maces & Flails
  3340 | D:5      | Noticed Ijyb
  3349 | D:5      | Killed Ijyb
  3608 | D:5      | HP: 2/78 [centaur/wand of draining (8)]
  3609 | D:5      | Gained mutation: You are partially covered in rugged brown scales (AC +1, +3% HP). [potion of beneficial mutation]
  3609 | D:5      | Killed from afar by a centaur

Action                   |  1- 3 |  4- 6 |  7- 9 || total
-------------------------+-------+-------+-------++-------
Melee: Mace              |   103 |   205 |       ||   308
       Giant club        |       |       |    68 ||    68
       Giant spiked club |       |       |    45 ||    45
Invok: Berserk           |     3 |     1 |     1 ||     5
       Trog's Hand       |     1 |     2 |     5 ||     8
  Use: Scroll            |     6 |     2 |       ||     8
       Potion            |       |       |     3 ||     3
  Eat: Chunk             |     1 |     6 |     1 ||     8
       Pizza             |     1 |       |       ||     1
       Bread ration      |       |       |     1 ||     1
